Cogmind - Beta 16 @@@ ROGUE MODE // 2025.10.25 @ 12:20:58 Player: Cog on my mind Result: Destroyed by P-70 Sage with High-powered Shock Rifle Performance ------------- Evolutions (6) 3000 Regions Visited (24) 4800 Robots Destroyed (419) 2095 Value Destroyed (15304) 15304 Prototype IDs (44) 880 Alien Tech Used (0) 0 Bonus (7149) 7149 TOTAL SCORE: 33228 Bonus ------- High Alert Combat Kills 670 Follower Combat Kills 1576 Network Hubs Disabled 200 Met Imprinter 300 Met Zhirov 300 Met Warlord at Base 500 MAIN.C Attacked Warlord 500 Warlord Defense Kills 1756 Built Enhanced Grunts 300 A7 Reached Mainframe 300 Met R17 at Cetus 500 Read Decrypted Archives 300 Friendly Fire -53 Cogmind --------- Core Integrity 0/1150 Matter 139/300 Energy 99/100 System Corruption 55% Temperature Cool (0) Movement Core (50) Location -4/Upper Caves Parts ------- > --- POWER (2) -------- (None) > --- PROPULSION (4) --- (None) > --- UTILITY (10) ----- (None) > --- WEAPON (3) ------- (None) > --- INVENTORY (5) ---- Vortex Chain Reactor Enhanced Armored Medium Treads Experimental Phase Shifter Ionic Axe Peak State ------------ > --- POWER ------------ F-cell Engine Neutrino Core > --- PROPULSION ------- Centrium Heavy Treads Centrium Heavy Treads > --- UTILITY ---------- Advanced Heat Sink Huge Storage Unit Enhanced Optical Array Weapon Mount Makeshift Heavy Armor Plating Improved Force Field System Mapper > --- WEAPON ----------- Vortex Shotgun Vortex Shotgun KE Penetrator > --- INVENTORY -------- F-cell Engine Vortex Chain Reactor Heavy Treads Matter Compressor Structural Scanner Experimental Sensor Array Experimental Phase Shifter Makeshift Heavy Armor Plating Centrium Medium Armor Plating Improved Force Field Advanced Trap Extractor BFG-9k Vortex Edition RU-N14's Throwing Claymores v3 Ionic Axe [Rating: 135] Favorites ----------- Power F-cell Engine Engine F-cell Engine Power Core Neutrino Core Reactor Cold Fusion Reactor Propulsion Centrium Heavy Treads Treads Centrium Heavy Treads Leg Improved Carbon-fiber Leg Wheel Compact Wheel Utility Weapon Mount Device Weapon Mount Storage High-capacity Storage Unit Processor Enhanced Optical Array Hackware Improved Hacking Suite Protection Hardened Heavy Armor Plating Weapon KE Penetrator Energy Gun Force Rifle Energy Cannon Improved EM Pulse Cannon Ballistic Gun KE Penetrator Ballistic Cannon Hypervelocity Gauss Cannon Launcher Heavy Missile Launcher Special Weapon Improved Plasma Cutter Impact Weapon Heavy Mace Slashing Weapon Ionic Axe Piercing Weapon Heavy Pick Build | -11 -10 -10 -9 -9 -9 -8 -8 -7 -7 -7 -7 -6 -6 -6 -6 -6 -6 -5 -5 -5 -5 -4 -4 -4 ------- Run | Yrd Mat Min Mat Min Exi Min Mat Fac Low Low Zio Pro Fac Ext Cet Arc Hub Fac Upp Upp War Pro Fac Upp Slots Evolved 12 | . . . 2 . . . 2 2 . . . . 2 . . . . 2 . . . . 2 . Power 1 | . . . . . . . . . . . . . 1 . . . . . . . . . . . Propulsion 2 | . . . 1 . . . . 1 . . . . . . . . . . . . . . . . Utility 8 | . . . 1 . . . 1 1 . . . . 1 . . . . 2 . . . . 2 . Weapon 1 | . . . . . . . 1 . . . . . . . . . . . . . . . . . Parts Attached 220 | 7 8 4 26 1 1 2 21 17 6 3 5 5 36 5 8 . 1 28 6 3 9 4 14 . Power 21 | 1 2 . 2 . . . 2 1 2 . . . 6 . . . . 3 . 1 . . 1 . Engine 16 | 1 2 . 2 . . . 2 1 1 . . . 4 . . . . 3 . . . . . . Core 3 | . . . . . . . . . 1 . . . 1 . . . . . . 1 . . . . Reactor 2 | . . . . . . . . . . . . . 1 . . . . . . . . . 1 . Propulsion 52 | 2 . 2 11 . . 1 7 5 2 1 . 2 7 2 3 . . 1 . . 1 2 3 . Treads 34 | 2 . . 9 . . 1 5 3 2 1 . . 3 2 3 . . 1 . . . 1 1 . Leg 3 | . . . 1 . . . . . . . . 1 . . . . . . . . 1 . . . Wheel 15 | . . 2 1 . . . 2 2 . . . 1 4 . . . . . . . . 1 2 . Hover . | . . . . . . . . . . . . . . . . . . . . . . . . . Flight . | . . . . . . . . . . . . . . . . . . . . . . . . . Utility 73 | 2 . 2 7 . 1 1 6 5 1 2 4 1 10 2 2 . 1 13 2 2 4 . 5 . Device 34 | 1 . 1 1 . . . 2 3 . . 4 1 6 . 1 . . 7 2 2 1 . 2 . Storage 6 | 1 . 1 2 . 1 . . . . . . . . . . . . 1 . . . . . . Processor 5 | . . . . . . . . . . 1 . . 1 . . . . 1 . . 1 . 1 . Hackware 6 | . . . . . . . 1 1 . . . . 1 1 . . . 1 . . 1 . . . Protection 22 | . . . 4 . . 1 3 1 1 1 . . 2 1 1 . 1 3 . . 1 . 2 . Artifact . | . . . . . . . . . . . . . . . . . . . . . . . . . Weapon 74 | 2 6 . 6 1 . . 6 6 1 . 1 2 13 1 3 . . 11 4 . 4 2 5 . Energy Gun 26 | 2 1 . . . . . 1 4 . . . . 8 1 1 . . 3 . . 2 1 2 . Energy Cannon 5 | . 2 . 1 . . . . . 1 . . . . . . . . 1 . . . . . . Ballistic Gun 26 | . 2 . 4 . . . 4 1 . . . . 2 . 2 . . 4 4 . . 1 2 . Ballistic Cannon 1 | . . . . . . . . . . . . . . . . . . 1 . . . . . . Launcher 7 | . 1 . 1 1 . . . 1 . . . 1 1 . . . . 1 . . . . . . Special Weapon 4 | . . . . . . . . . . . 1 . . . . . . . . . 2 . 1 . Impact Weapon 1 | . . . . . . . 1 . . . . . . . . . . . . . . . . . Slashing Weapon 3 | . . . . . . . . . . . . 1 1 . . . . 1 . . . . . . Piercing Weapon 1 | . . . . . . . . . . . . . 1 . . . . . . . . . . . Special Melee Weapon . | . . . . . . . . . . . . . . . . . . . . . . . . . Unidentified Prototypes 27 | . . . 2 . . . . 3 . . 3 . 5 1 4 . . 1 . . 6 . 2 . Corrupted Parts 1 | . . . . . . . . . 1 . . . . . . . . . . . . . . . System Corruption 3 | . . . . . . . . . 3 . . . . . . . . . . . . . . . Parts Lost 83 | . . 2 1 . . 1 9 11 6 2 . 2 12 1 1 . 7 5 . 2 . 3 16 2 Power 9 | . . . . . . . 1 1 2 . . . . . . . 2 . . 1 . . 2 . Propulsion 19 | . . 2 1 . . 1 1 2 2 . . 2 3 . . . . 1 . . . . 2 2 Utility 27 | . . . . . . . 3 3 2 2 . . 4 . 1 . 3 . . 1 . . 8 . Weapon 28 | . . . . . . . 4 5 . . . . 5 1 . . 2 4 . . . 3 4 . Highest Loss Streak 16 | . . 1 1 . . 1 3 5 3 1 . 1 7 1 1 . 7 2 . 2 . 2 16 2 To Critical Strikes . | . . . . . . . . . . . . . . . . . . . . . . . . . Average Backups 16 | 1 6 7 10 15 15 16 17 14 11 13 15 15 17 19 19 19 19 18 21 21 18 15 15 4 Power 1 | . 1 . 1 2 2 4 2 . . 1 2 2 . 2 2 2 2 . 1 1 1 2 1 1 Propulsion 1 | . . 1 2 4 4 3 4 2 1 1 1 . . . 1 1 1 . 1 1 1 1 2 1 Utility 9 | . 1 4 5 7 7 7 7 8 6 7 9 10 13 11 12 11 11 10 12 11 9 7 6 1 Weapon 4 | . 3 2 1 2 2 2 3 2 3 3 3 3 3 5 4 5 5 5 6 6 5 4 4 1 Tool/Special . | . . . . . . . . . . . . . . . . . . . . . . . . . Unused Backups 57 | . 2 3 4 . . . 8 4 . . 1 . 6 2 2 . . 6 2 2 8 . 5 2 Power 6 | . . 1 . . . . 3 . . . . . 1 . . . . . . . . . . 1 Propulsion 8 | . . . 2 . . . 1 1 . . . . 1 . . . . . . . 1 . 1 1 Utility 25 | . . 2 2 . . . 2 1 . . . . 3 2 1 . . 3 1 1 4 . 3 . Weapon 17 | . 2 . . . . . 2 2 . . 1 . 1 . 1 . . 2 1 1 3 . 1 . Tool/Special 1 | . . . . . . . . . . . . . . . . . . 1 . . . . . . Average Slot Usage (%) 88 | . 100 98 90 100 100 99 94 90 85 87 88 91 87 99 91 86 82 83 82 82 81 79 79 3 Engine 8 | . 14 14 10 11 11 11 8 6 2 . . . 4 13 13 13 12 10 11 8 5 5 4 . Core 1 | . . . . . . . . . 2 7 7 7 3 . . . . . . 1 5 5 1 . Treads 13 | . 28 6 20 22 22 21 14 14 13 15 15 11 10 13 17 13 13 10 11 11 11 8 4 . Wheel 7 | . . 19 9 11 11 11 12 14 15 15 15 14 13 13 1 . . . . . . 2 4 3 Device 11 | . 14 14 . . . . 4 6 5 1 2 7 12 14 14 20 17 19 17 19 19 17 23 . Storage 7 | . 14 14 9 11 11 11 9 7 7 7 7 7 6 6 6 6 6 5 5 5 5 5 4 . Processor 1 | . . . . . . . . . . 1 1 . . . . . . 4 5 5 5 5 4 . Hackware 4 | . . . . . . . 4 6 7 7 7 7 6 11 10 6 6 5 5 5 5 5 4 . Protection 8 | . . . 18 22 22 22 14 6 7 7 7 7 5 6 6 6 6 5 5 3 3 5 6 . Energy Gun 4 | . 12 . . . . . 2 4 7 7 7 7 9 19 12 6 5 3 1 . . 8 5 . Energy Cannon 1 | . 3 26 . . . . . . 4 7 7 . . . . . . . . . . . . . Ballistic Gun 11 | . 12 . 19 21 22 21 20 13 2 . . . . . 6 13 11 12 15 16 16 5 7 . Impact Weapon 1 | . . . . . . . 1 2 7 7 7 7 3 . . . . . . . . . . . Peak Build Rating 135 | 7 7 10 22 22 23 23 35 43 41 41 49 47 72 75 110 110 114 122 121 122 134 135 135 6 Average Rating 69 | 5 6 9 19 22 22 21 30 40 38 38 41 45 55 72 98 110 106 113 116 116 124 122 122 4 On Entrance 55 | . 7 7 1 22 22 23 21 35 41 41 40 45 47 70 75 110 110 70 121 117 116 130 118 6 Avg Prop Armor Cover (%) 10 | . . 12 13 13 13 13 7 8 8 9 10 8 8 9 9 . . . . . . 7 8 27 Naked Turns 139 | . . 6 27 . . . . . . . . . . . . . . . . . . . 21 85 Heaviest Build 169 | 14 17 52 43 42 62 62 79 84 85 81 82 82 102 94 101 101 101 157 156 156 163 167 169 . Greatest Support 160 | 40 40 40 16 16 16 16 28 32 32 32 32 32 40 20 160 160 160 160 160 160 160 160 70 3 Greatest Overweight (x) 7 | . . 1 2 2 3 3 5 4 2 2 2 2 7 4 4 . . . . . 1 5 6 . Average Overweight (x) 1 | . . . 1 2 2 3 2 2 2 1 2 2 3 4 . . . . . . . 2 4 . Largest Inventory Capacity 25 | 8 8 20 15 15 20 20 20 20 20 20 20 20 20 20 20 20 20 25 25 25 25 25 25 5 Average Capacity 20 | 6 8 16 12 15 19 20 20 20 20 20 20 20 20 20 20 20 20 24 25 25 25 25 24 5 Most Carried 25 | 2 8 8 15 15 17 17 20 20 18 16 20 20 20 20 20 20 20 25 25 25 25 25 25 5 Average Carried 18 | 1 6 7 10 15 15 16 18 17 14 14 18 17 17 19 19 20 20 20 24 23 24 24 23 5 Final Capacity 25 | 8 8 5 15 15 20 20 20 20 20 20 20 20 20 20 20 20 20 25 25 25 25 25 5 5 Final Carried 25 | 2 7 5 15 15 17 17 20 18 14 15 20 20 19 20 20 20 20 24 25 23 24 25 5 5 Class Distribution -------------------- 24% | Mutant 18% | Tank 17% | Scavenger-Mutant 16% | Scavenger-Tank 7% | Hacker-Tank 5% | Commander-Tank 3% | Hacker-Gunner Dominant Class ---------------- Mutant | -10/Materials Mutant | -10/Mines Mutant | -9/Materials Mutant | -9/Mines Mutant | -9/Exiles Mutant | -8/Mines Tank | -8/Materials Tank | -7/Factory Scavenger-Mutant | -7/Lower Caves Scavenger-Mutant | -7/Lower Caves Scavenger-Mutant | -7/Zion Scavenger-Mutant | -6/Proximity Caves Mutant | -6/Factory Hacker-Gunner | -6/Extension Commander-Tank | -6/Cetus Commander-Tank | -6/Archives Scavenger-Tank | -6/Hub_04(d) Scavenger-Tank | -5/Factory Tank | -5/Upper Caves Tank | -5/Upper Caves Hacker-Tank | -5/Warlord Hacker-Tank | -4/Proximity Caves Hacker-Tank | -4/Factory Mutant | -4/Upper Caves Resources | -11 -10 -10 -9 -9 -9 -8 -8 -7 -7 -7 -7 -6 -6 -6 -6 -6 -6 -5 -5 -5 -5 -4 -4 -4 ----------- Run | Yrd Mat Min Mat Min Exi Min Mat Fac Low Low Zio Pro Fac Ext Cet Arc Hub Fac Upp Upp War Pro Fac Upp Matter Collected 9882 | 270 335 55 996 254 . 157 1415 803 168 54 85 286 668 60 99 . . 2086 370 706 622 147 246 . Remotely . | . . . . . . . . . . . . . . . . . . . . . . . . . Salvage Created 16773 | 111 444 324 1253 352 . 357 2015 1130 285 75 . 465 1800 962 253 . 361 2541 661 1462 882 300 740 . Parts 820 | 6 40 19 90 19 . 27 103 45 8 3 . 16 75 46 12 . 27 104 32 73 32 12 31 . Haulers Intercepted 12 | . 2 . 2 . . . 3 . . . . . 4 . . . 1 . . . . . . . Recyclers Shooed 10 | . 1 . 2 . . . 1 1 . . . . 2 1 . . . 2 . . . . . . Parts Field Recycled . | . . . . . . . . . . . . . . . . . . . . . . . . . Retrieved Matter . | . . . . . . . . . . . . . . . . . . . . . . . . . Parts Self-Destructed 134 | . . . . . . . . . 2 . . 13 . . . . . . 34 74 . 11 . . Prevented 14 | . . . . . . . . . 5 3 . . . . . . . . 4 2 . . . . Parts Restored . | . . . . . . . . . . . . . . . . . . . . . . . . . Kills | -11 -10 -10 -9 -9 -9 -8 -8 -7 -7 -7 -7 -6 -6 -6 -6 -6 -6 -5 -5 -5 -5 -4 -4 -4 ------- Run | Yrd Mat Min Mat Min Exi Min Mat Fac Low Low Zio Pro Fac Ext Cet Arc Hub Fac Upp Upp War Pro Fac Upp Combat Hostiles Destroyed 313 | . 13 3 27 12 . 11 44 22 5 1 . 15 18 13 3 . 11 37 18 27 16 7 10 . Melee 11 | . . . . . . . 5 3 . . . . 3 . . . . . . . . . . . Guns 200 | . 9 . 11 10 . 7 16 13 1 . . 2 7 13 3 . 1 30 18 27 16 6 10 . Cannons 6 | . 1 3 . . . . . . . . . . . . . . . 2 . . . . . . AOE 77 | . 3 . 16 2 . 4 17 4 1 . . 13 1 . . . 10 5 . . . 1 . . Classes Destroyed 22 | 2 6 1 1 1 . 1 1 1 2 . . 2 . 1 . . 1 . . 1 1 . . . Worker 20 | . . 4 1 . . . 4 2 . . . . 2 . . . 5 2 . . . . . . Builder 18 | . 1 . 4 . . 1 1 3 . . . . 3 . . . 1 3 . . . . 1 . Tunneler 9 | 2 . . . . . . . 1 . . . . 1 . . . 3 1 . . . . 1 . Hauler 12 | . 2 . 2 . . . 3 . . . . . 4 . . . 1 . . . . . . . Recycler 17 | 1 . 3 3 . . 2 2 2 . . . . 1 . . . . 2 . . . . 1 . Minesweeper 2 | . . . . . . . . . . . . 1 . . . . . . 1 . . . . . Operator 9 | . 1 . 3 . . . 2 1 . . . . . 1 . . 1 . . . . . . . Drone 3 | . . . . . . . . . . . . 2 . . . . . . . . . 1 . . Watcher 19 | . 2 . 4 . . . 3 . . . . . 4 1 1 . . 3 . . . . 1 . Swarmer 81 | . 9 3 13 4 . 7 7 3 . . . 4 4 1 . . 5 . 12 8 1 . . . Grunt 127 | . 4 . 5 7 . 2 29 12 2 . . 8 5 3 . . 3 15 5 12 11 . 4 . Brawler 11 | . . . . 1 . 1 . 2 . . . 1 . 3 . . . 1 . . 1 . 1 . Duelist 3 | . . . . . . . . . 1 . . . . . . . . . . 2 . . . . Protector 3 | . . . . . . . . . . . . . . . . . 1 . . 1 1 . . . Sentry 35 | . . . 9 . . . 7 3 . 1 . . 1 3 . . 1 6 1 2 . . 1 . Demolisher 1 | . . . . . . . . . . . . . . . . . . . . . 1 . . . Hunter 18 | . . . . . . 1 . . 1 . . . 4 2 . . 1 4 . . 1 4 . . Programmer 24 | . . . . . . . . 2 1 . . . 4 . . . . 11 . 1 . 1 4 . Heavy 1 | . . . . . . . 1 . . . . . . . . . . . . . . . . . Behemoth 2 | . . . . . . . . . . . . . . 1 . . . . . . . 1 . . Cetus Guard 3 | . . . . . . . . . . . . . . . 3 . . . . . . . . . Decomposer 1 | . . . . . . . . . . . . . . . . . . . . 1 . . . . Samaritan 2 | . . . . . . . . . 1 . . . . . . . . . . 1 . . . . Mutant 1 | . . . . . . . . . . . . . . . . . . . . 1 . . . . Best Kill Streak 22 | 2 5 8 9 4 . 4 9 13 4 1 . 6 8 3 2 . 22 9 5 5 4 3 8 . Combat Bots Only 11 | . 4 3 5 4 . 4 8 6 4 1 . 6 5 3 2 . 11 9 5 5 4 3 5 . Max Kills in Single Turn 8 | 1 3 1 4 2 . 4 3 7 1 1 . 3 2 1 1 . 8 3 2 3 2 2 2 . Gunslinging 2 | . . . . 1 . . . . . . . . . . . . . . 1 2 . 1 . . Exploded 6 | . 3 . 3 1 . 4 3 2 1 . . 3 1 . . . 6 3 . . . 1 . . Melee 1 | . . . . . . . 1 1 . . . . 1 . . . . . . . . . . . Uniques/NPCs Destroyed . | . . . . . . . . . . . . . . . . . . . . . . . . . Combat | -11 -10 -10 -9 -9 -9 -8 -8 -7 -7 -7 -7 -6 -6 -6 -6 -6 -6 -5 -5 -5 -5 -4 -4 -4 -------- Run | Yrd Mat Min Mat Min Exi Min Mat Fac Low Low Zio Pro Fac Ext Cet Arc Hub Fac Upp Upp War Pro Fac Upp Hostile Shots Fired 2224 | . 58 16 82 40 . 36 162 300 112 64 . 24 266 80 32 . 130 238 59 122 37 75 193 98 Missed 575 | . 10 . 24 13 . 13 48 87 31 25 . 9 69 29 9 . 21 58 10 20 8 10 38 43 Hits 1649 | . 48 16 58 27 . 23 114 213 81 39 . 15 197 51 23 . 109 180 49 102 29 65 155 55 Melee 20 | . . . . . . . . . 7 . . . . . . . . . . 12 1 . . . Projectile 1629 | . 48 16 58 27 . 23 114 213 74 39 . 15 197 51 23 . 109 180 49 90 28 65 155 55 AOE 7 | . . 6 . . . . . . . . . . . . . . . . . . 1 . . . Critical Strikes 79 | . . . 4 . . . 4 7 1 1 . . 3 3 3 . 13 12 4 6 1 . 17 . Part Disruptions 1 | . . . . . . . . . . . . . . . . . . 1 . . . . . . Damage Taken 24869 | . 523 351 761 334 . 324 1776 2267 1502 242 . 354 2662 646 453 120 2682 3006 426 1134 520 733 3245 808 Core 3119 | . 97 143 103 62 . 6 300 262 154 68 . 37 103 51 38 . 312 160 27 17 18 10 405 746 Absorbed by Shields 4375 | . . . . . . . 338 226 . . . . 52 121 159 120 181 552 393 1020 347 436 430 . Reduced by Siege Mode 280 | . . . . . . . . . . . . . . . . . . . 11 119 33 38 79 . Regen/Repaired (Parts) 1553 | . . . 28 . . . . . . . . . . . . . . 1410 . . 115 . . . Core Remaining (%) 49 | 100 . 4 . . . 57 45 . . . . 25 . . . . 40 . . . . 76 . . Volleys Fired 766 | 9 46 15 81 22 . 23 81 54 9 3 . 19 64 37 14 . 8 105 29 47 37 15 48 . Largest 3 | 2 2 2 2 2 . 2 3 3 2 2 . 1 3 3 3 . 3 3 3 3 3 3 3 . Hottest 240 | 90 120 120 83 72 . 72 109 183 124 124 . 55 240 240 240 . 150 150 146 99 126 153 203 . Shots Fired 1780 | 18 88 28 152 44 . 46 207 135 13 5 . 19 140 109 35 . 16 278 70 143 111 36 87 . Gun 1630 | 18 73 . 130 38 . 44 191 127 9 3 . 5 139 109 35 . 12 254 70 143 111 36 83 . Cannon 76 | . 14 26 12 . . . . . 4 2 . . . . . . . 18 . . . . . . Launcher 70 | . 1 2 10 6 . 2 16 8 . . . 14 1 . . . 4 6 . . . . . . Special 4 | . . . . . . . . . . . . . . . . . . . . . . . 4 . Kinetic 1131 | . 28 . 130 38 . 44 165 107 . . . . 5 . 6 . 8 224 65 143 103 18 47 . Thermal 381 | 18 57 26 12 . . . 26 20 . . . . 27 91 24 . 4 48 5 . . . 23 . Explosive 74 | . 1 2 10 6 . 2 16 8 . . . 14 1 . . . 4 6 . . . . 4 . Electromagnetic 163 | . 2 . . . . . . . 13 5 . 5 107 18 5 . . . . . . . 8 . Entropic 31 | . . . . . . . . . . . . . . . . . . . . . 8 18 5 . Robot Hit Streak 35 | 7 10 14 19 14 . 11 10 15 12 17 . 7 22 31 19 . 29 31 13 35 26 11 21 . Robot Miss Streak 10 | 2 3 3 3 3 . 2 6 5 . . . 1 3 2 1 . 10 3 4 4 1 1 5 . Penetration Max 1 | . . . . . . . . . . . . . . . 1 . . 1 1 1 1 . . . Secondary Targets 47 | . 1 . 2 3 . 1 2 3 . . . . . 1 2 . . 3 6 12 7 1 3 . Max Gunslinging Chain 2 | . 1 . 1 1 . 1 1 1 . . . . . 1 1 . . 1 2 2 1 1 1 . Shots Hit Robots 1377 | 13 53 18 97 30 . 32 153 110 18 5 . 15 122 92 32 . 12 215 43 120 101 31 65 . Core Hits 848 | 4 33 11 62 20 . 20 90 70 5 2 . 29 52 32 10 . 112 99 25 59 55 21 37 . Critical Kills 20 | . . . . . . . 2 . . . . . 1 2 2 . 1 6 1 4 1 . . . Critical Parts Destroyed 48 | . . . . . . . 8 2 1 . . . 4 6 1 . 2 16 . 1 4 1 2 . Critical Strikes 80 | 1 2 . . . . . 10 3 1 . . . 8 9 5 . 3 24 1 5 5 1 2 . Burn 3 | 1 2 . . . . . . . . . . . . . . . . . . . . . . . Destroy 53 | . . . . . . . . 1 . . . . 1 8 4 . 3 24 1 5 5 . 1 . Corrupt 4 | . . . . . . . . . . . . . 2 1 1 . . . . . . . . . Smash 17 | . . . . . . . 10 2 1 . . . 4 . . . . . . . . . . . Impale 1 | . . . . . . . . . . . . . 1 . . . . . . . . . . . Detonate 2 | . . . . . . . . . . . . . . . . . . . . . . 1 1 . Melee Attacks 107 | . . . . . . . 36 26 7 . 1 2 25 . . . . 6 1 1 . . 2 . Impact 87 | . . . . . . . 36 26 7 . 1 . 17 . . . . . . . . . . . Slashing 18 | . . . . . . . . . . . . 2 6 . . . . 6 1 1 . . 2 . Piercing 2 | . . . . . . . . . . . . . 2 . . . . . . . . . . . Sneak Attacks 7 | . . . . . . . 2 . 1 . . 1 2 . . . . . 1 . . . . . Combat Hostiles . | . . . . . . . . . . . . . . . . . . . . . . . . . Follow-up Attacks . | . . . . . . . . . . . . . . . . . . . . . . . . . Damage Inflicted 47200 | 151 822 315 2512 887 . 729 5237 3907 746 98 . 1759 3877 2204 921 . 3562 7512 1181 3393 3293 1448 2646 . Guns 29680 | 151 521 . 1268 423 . 467 2061 1742 173 52 . 108 2311 2204 921 . 241 5967 1074 3379 3293 1290 2034 . Cannons 900 | . 122 314 121 . . . . . 76 46 . . . . . . . 221 . . . . . . Explosions 12995 | . 171 . 1123 464 . 262 1847 1504 161 . . 1543 657 . . . 3321 1324 . . . 158 460 . Melee 3450 | . . . . . . . 1329 661 336 . . 108 909 . . . . . 107 . . . . . Ramming 23 | . 8 1 . . . . . . . . . . . . . . . . . 14 . . . . Kinetic 19396 | . 133 . 1268 423 . 467 1775 1352 . . . . 67 . 233 . 167 4902 1037 3379 2781 237 1175 . Thermal 8081 | 151 510 314 121 . . . 286 1098 161 . . . 821 1935 562 . 74 1286 37 . . 158 567 . Explosive 11413 | . 171 . 1123 464 . 262 1847 796 . . . 1543 353 . . . 3321 1324 . . . . 209 . Electromagnetic 2782 | . . . . . . . . . 249 98 . 108 1727 269 126 . . . . . . . 205 . Impact 2935 | . . . . . . . 1329 661 336 . . . 609 . . . . . . . . . . . Slashing 541 | . . . . . . . . . . . . 108 174 . . . . . 107 . . . 152 . Piercing 126 | . . . . . . . . . . . . . 126 . . . . . . . . . . . Entropic 1903 | . . . . . . . . . . . . . . . . . . . . . 512 1053 338 . Highest Corruption 54 | . 1 1 . . . . . 3 9 9 9 . 3 . . . 27 3 2 3 . . 54 54 Average Corruption 3 | . 1 1 . . . . . 1 4 9 9 . 1 . . . 9 2 2 2 . . 9 54 Corruption Purged 9 | . . . . . . . . . . . . . 3 . . . . 3 . 3 . . . . Corruption Blocked . | . . . . . . . . . . . . . . . . . . . . . . . . . Effects 155 | . . 5 . . . . . 6 19 10 . . 14 . . . 4 32 14 20 . . 18 13 Message Errors 32 | . . . . . . . . 2 7 . . . 2 . . . . 9 3 6 . . 2 1 Matter Fused 34 | . . 4 . . . . . 1 4 5 . . 2 . . . 1 8 1 3 . . 4 1 Heat Flow Errors 15 | . . . . . . . . . 1 2 . . 2 . . . 1 3 2 2 . . 1 1 Energy Discharges 17 | . . 1 . . . . . . 1 2 . . 1 . . . . 6 1 2 . . 1 2 Parts Rejected 2 | . . . . . . . . . 1 . . . . . . . . . . . . . 1 . Parts Fused 3 | . . . . . . . . . . . . . 1 . . . . . 1 . . . 1 . Data Loss (minor) 15 | . . . . . . . . 1 2 1 . . 1 . . . 1 3 2 4 . . . . Data Loss (major) 6 | . . . . . . . . . 1 . . . 2 . . . . 1 1 1 . . . . Misfires 6 | . . . . . . . . 1 1 . . . . . . . . 2 . 2 . . . . Alerts 2 | . . . . . . . . . 1 . . . 1 . . . . . . . . . . . Misdirections 15 | . . . . . . . . . . . . . . . . . 1 . . . . . 6 8 Weapon Failures 8 | . . . . . . . . 1 . . . . 2 . . . . . 3 . . . 2 . Overload Shots 1 | . . . . . . . . . . . . . . . 1 . . . . . . . . . Overflow Damage 1683 | . 8 . . 23 . 8 563 290 128 . . 45 367 . . . 19 125 88 7 . 1 11 . Projectiles 8 | . 8 . . . . . . . . . . . . . . . . . . . . . . . Explosions 520 | . . . . 23 . 8 73 180 . . . 21 59 . . . 19 125 . . . 1 11 . Melee 1155 | . . . . . . . 490 110 128 . . 24 308 . . . . . 88 7 . . . . Knockbacks 24 | . 1 . . . . . 9 5 . . . . 1 . . . . 7 . 1 . . . . Impact 16 | . 1 . . . . . 9 4 . . . . 1 . . . . . . 1 . . . . Kinetic 7 | . . . . . . . . . . . . . . . . . . 7 . . . . . . Secondary 1 | . . . . . . . . 1 . . . . . . . . . . . . . . . . Self-Inflicted Damage 959 | . 24 3 . 76 . 19 113 127 58 . . 88 63 . . . 287 85 . . . 16 . . Shots 31 | . 1 1 . 3 . 1 4 3 1 . . 2 1 . . . 12 1 . . . 1 . . Rammed 4 | . 2 1 . . . . . . . . . . . . . . . . . 1 . . . . Targets Rammed 4 | . 2 1 . . . . . . . . . . . . . . . . . 1 . . . . Kicked . | . . . . . . . . . . . . . . . . . . . . . . . . . Crushed . | . . . . . . . . . . . . . . . . . . . . . . . . . Highest Temperature 372 | 150 302 321 147 81 . 63 356 313 36 242 . . 292 279 336 . 106 357 348 341 342 128 372 88 Average Temperature 94 | 61 106 128 44 33 . 17 92 130 14 92 . . 91 97 144 . 29 96 115 80 95 51 90 45 Received Heat Transfer 4117 | . 201 . 279 78 . 81 726 859 114 48 . 99 173 157 25 . 93 543 59 175 68 12 327 . Effects 11 | . 1 1 . . . . 2 2 . . . . . . 1 . . 1 1 . . . 2 . Shutdowns 2 | . . . . . . . 1 . . . . . . . . . . . . . . . 1 . Energy Bleed 4 | . . 1 . . . . 1 1 . . . . . . . . . 1 . . . . . . Interference 2 | . . . . . . . . 1 . . . . . . 1 . . . . . . . . . Short Circuit 2 | . 1 . . . . . . . . . . . . . . . . . 1 . . . . . Damage (minor) 1 | . . . . . . . . . . . . . . . . . . . . . . . 1 . Siege Activations 24 | . . . . . . . . . . . . . . . . . . . 3 8 5 4 4 . Total Turns 372 | . . . . . . . . . . . . . . . . . . . 41 121 90 31 89 . Longest Duration 55 | . . . . . . . . . . . . . . . . . . . 19 26 37 16 55 . Martial Activations . | . . . . . . . . . . . . . . . . . . . . . . . . . Shielding Activations . | . . . . . . . . . . . . . . . . . . . . . . . . . Robots Disrupted 1 | . . . . . . . . . . . . . 1 . . . . . . . . . . . Combat Hostiles 1 | . . . . . . . . . . . . . 1 . . . . . . . . . . . Robots Corrupted 23 | . . . . . . . 6 2 4 1 . . 9 . . . . . . 1 . . . . Combat Hostiles 19 | . . . . . . . 6 2 3 1 . . 7 . . . . . . . . . . . Parts Fried 34 | . . . . . . . 10 2 3 1 . . 16 . 1 . . . 1 . . . . . Impact Corruptions 41 | . . . . . . . 14 6 10 . . . 10 . . . . . . 1 . . . . Robots Melted . | . . . . . . . . . . . . . . . . . . . . . . . . . Combat Hostiles . | . . . . . . . . . . . . . . . . . . . . . . . . . Parts Melted 26 | 1 3 . . . . . 1 2 . . . . 5 8 . . 1 4 . . . . 1 . Heat Transferred 11968 | 483 1412 666 259 . . . 518 1295 150 . . . 1127 2960 814 . 111 1517 37 . . 50 569 . Parts Sabotaged . | . . . . . . . . . . . . . . . . . . . . . . . . . Parts Stolen . | . . . . . . . . . . . . . . . . . . . . . . . . . Parts Stripped . | . . . . . . . . . . . . . . . . . . . . . . . . . Power Chain Reactions 5 | . . . . . . . . . 1 . . . 4 . . . . . . . . . . . Alert | -11 -10 -10 -9 -9 -9 -8 -8 -7 -7 -7 -7 -6 -6 -6 -6 -6 -6 -5 -5 -5 -5 -4 -4 -4 ------- Run | Yrd Mat Min Mat Min Exi Min Mat Fac Low Low Zio Pro Fac Ext Cet Arc Hub Fac Upp Upp War Pro Fac Upp Maximum Alert Level 3 | . . . 1 1 . . 3 2 . . . . 1 2 2 1 1 2 . . . . . . Low Security (%) 64 | 100 100 100 48 97 . 100 8 2 . . . . 92 73 . 42 86 74 . . . . 100 . Level 1 16 | . . . 51 2 . . 20 26 . . . . 7 20 3 57 13 17 . . . . . . Level 2 18 | . . . . . . . 69 70 . . . . . 6 96 . . 8 . . . . . . Level 3 . | . . . . . . . . . . . . . . . . . . . . . . . . . Level 4 . | . . . . . . . . . . . . . . . . . . . . . . . . . Level 5 . | . . . . . . . . . . . . . . . . . . . . . . . . . High Security . | . . . . . . . . . . . . . . . . . . . . . . . . . Max Security . | . . . . . . . . . . . . . . . . . . . . . . . . . Peak Influence 702 | 10 158 101 387 202 . 125 702 627 . . . . 245 688 569 294 365 515 . . . . 92 . Initial 380 | . . 61 . 84 . . 45 270 . . . . 201 45 380 202 71 168 . . . . . . Average 195 | . 55 50 182 119 . 20 476 462 . . . . 82 139 491 213 90 181 . . . . 23 . Influence Increases 11887 | 15 449 121 915 324 . 318 1462 945 145 35 . 315 835 1497 469 122 434 1389 425 690 327 165 415 75 Destroy 0b10 Robot/C 6780 | . 260 60 540 240 . 220 880 440 100 20 . 260 360 660 200 60 200 740 360 560 300 120 200 . Destroy 0b10 Robot/NC 580 | 15 30 35 85 . . 15 75 45 . . . 15 75 25 10 . 60 55 5 5 5 5 20 . Destroy Leader 1284 | . 58 10 172 40 . 40 222 90 30 . . 40 116 76 10 . 32 186 30 40 . 40 52 . Allied During Kill 996 | . . . . . . . . . . . . . . 624 220 60 . . . 85 7 . . . Successful Hack 312 | . 6 . 48 6 . . 20 45 . . . . 6 34 . . 3 119 . . . . 25 . Select Force Hacks 50 | . . . . . . . . . . . . . . . . . 50 . . . . . . . Disable Machine 405 | . 15 . . . . . 90 150 . . . . 15 30 15 . 15 45 . . . . 30 . Destroy Structure 685 | . 5 16 70 23 . 13 100 55 . . . . 23 18 14 2 74 214 . . . . 58 . Advance Influence 150 | . . . . . . . . . . . . . 150 . . . . . . . . . . . Partial Spotted 60 | . . . . . . . . . . . . . 15 . . . . 15 . . . . 30 . Lose Combat Pursuer 585 | . 75 . . 15 . 30 75 120 15 15 . . 75 30 . . . 15 30 . 15 . . 75 Influence Decreases 11879 | 15 291 279 698 443 98 201 984 1001 562 157 . 232 824 911 644 423 293 1220 697 759 297 368 393 89 Entered New Map 2566 | . . 97 . 133 98 . 72 325 200 24 . . 32 49 300 303 133 177 191 47 173 203 . 9 Time Decay 6686 | 15 291 140 538 310 . 191 522 416 302 123 . 222 482 412 254 40 90 693 506 592 104 150 233 60 Lost Part 785 | . . 10 10 . . 10 90 110 60 10 . 10 120 10 10 . 70 50 . 20 . 15 160 20 Lost Ally 492 | . . 32 . . . . . . . . . . 40 140 80 80 . . . 100 20 . . . Purge Threat 1350 | . . . 150 . . . 300 150 . . . . 150 300 . . . 300 . . . . . . Squads Dispatched 53 | . 2 . 2 . . . 8 7 . . . . 12 4 1 . 3 10 . 1 . . 3 . Investigation 11 | . . . . . . . 3 1 . . . . 1 2 1 . 2 . . . . . 1 . Extermination 10 | . . . . . . . . 1 . . . . 3 . . . . 5 . . . . 1 . Reinforcement 21 | . 2 . 2 . . . 5 1 . . . . 4 2 . . . 4 . . . . 1 . Assault 3 | . . . . . . . . 1 . . . . . . . . . 1 . 1 . . . . Garrison 8 | . . . . . . . . 3 . . . . 4 . . . 1 . . . . . . . Intercept . | . . . . . . . . . . . . . . . . . . . . . . . . . Searches Triggered . | . . . . . . . . . . . . . . . . . . . . . . . . . Unchained Authorized 1 | . . . . . . . . . . . . . . . . . . . . . . . 1 . Construction Impeded 6 | . . . . . . . 2 . . . . . 1 1 . . . 2 . . . . . . Haulers Reinforced 2 | . . . . . . . . . . . . . 2 . . . . . . . . . . . Active Scanning Responses . | . . . . . . . . . . . . . . . . . . . . . . . . . Cargo Convoy Interrupts . | . . . . . . . . . . . . . . . . . . . . . . . . . Stealth | -11 -10 -10 -9 -9 -9 -8 -8 -7 -7 -7 -7 -6 -6 -6 -6 -6 -6 -5 -5 -5 -5 -4 -4 -4 --------- Run | Yrd Mat Min Mat Min Exi Min Mat Fac Low Low Zio Pro Fac Ext Cet Arc Hub Fac Upp Upp War Pro Fac Upp Distress Signals 23 | . 2 . 3 . . . 8 2 . . . . 2 1 2 . 2 . . . . 1 . . Communications Jammed 1 | . . . . . . . . . . . . . . . . . . . . . . . 1 . Distress Signals 1 | . . . . . . . . . . . . . . . . . . . . . . . 1 . Times Spotted 520 | . 19 5 42 14 . 10 69 43 6 2 . 12 36 35 10 . 22 42 18 35 66 7 16 11 Peak Tracking Total 16 | . 5 3 6 4 . 4 8 7 5 1 . 4 7 4 5 . 16 7 4 7 16 3 5 6 Tactical Retreats 28 | . 5 . . 1 . 1 4 6 1 1 . . 2 1 . . . 1 2 . 1 . . 2 Traps | -11 -10 -10 -9 -9 -9 -8 -8 -7 -7 -7 -7 -6 -6 -6 -6 -6 -6 -5 -5 -5 -5 -4 -4 -4 ------- Run | Yrd Mat Min Mat Min Exi Min Mat Fac Low Low Zio Pro Fac Ext Cet Arc Hub Fac Upp Upp War Pro Fac Upp Traps Triggered 10 | . 1 . . . . . 2 3 . . . . 1 1 . . 1 1 . . . . . . Indirectly . | . . . . . . . . . . . . . . . . . . . . . . . . . Trap Hack Attempts . | . . . . . . . . . . . . . . . . . . . . . . . . . Triggered . | . . . . . . . . . . . . . . . . . . . . . . . . . Disarmed . | . . . . . . . . . . . . . . . . . . . . . . . . . Reprogrammed . | . . . . . . . . . . . . . . . . . . . . . . . . . Reused . | . . . . . . . . . . . . . . . . . . . . . . . . . Traps Extracted . | . . . . . . . . . . . . . . . . . . . . . . . . . Installed 1 | . . . . . . . . . . . . . . . . . 1 . . . . . . . Triggered . | . . . . . . . . . . . . . . . . . . . . . . . . . Most Traps Carried 6 | . . . . . . . . . . . . 4 4 4 4 4 4 3 6 6 6 6 6 . Objects Rigged 1 | . . . 1 . . . . . . . . . . . . . . . . . . . . . Machines | -11 -10 -10 -9 -9 -9 -8 -8 -7 -7 -7 -7 -6 -6 -6 -6 -6 -6 -5 -5 -5 -5 -4 -4 -4 ---------- Run | Yrd Mat Min Mat Min Exi Min Mat Fac Low Low Zio Pro Fac Ext Cet Arc Hub Fac Upp Upp War Pro Fac Upp Machines Disabled 33 | . 1 . . . . . 6 10 . . . . 1 3 1 . 1 3 . 3 2 . 2 . Max in Single Turn 8 | . 1 . . . . . 2 8 . . . . 1 1 1 . 1 1 . 1 1 . 1 . Garrison Access 1 | . . . . . . . . . . . . . . . . . . 1 . . . . . . Network Hub 1 | . . . . . . . . . . . . . . . . . 1 . . . . . . . Machines Repaired . | . . . . . . . . . . . . . . . . . . . . . . . . . Machines Dismantled 1 | . . . . . . . . . . . . . . . . . . . . . 1 . . . Machines Sabotaged 1 | . . . . . . . . . . . . . . . . . 1 . . . . . . . Overloaded Fab Kills . | . . . . . . . . . . . . . . . . . . . . . . . . . Hacking | -11 -10 -10 -9 -9 -9 -8 -8 -7 -7 -7 -7 -6 -6 -6 -6 -6 -6 -5 -5 -5 -5 -4 -4 -4 --------- Run | Yrd Mat Min Mat Min Exi Min Mat Fac Low Low Zio Pro Fac Ext Cet Arc Hub Fac Upp Upp War Pro Fac Upp Machines Accessed 99 | . 2 . 13 1 4 . 11 5 . . . . 12 18 1 1 4 20 1 2 1 . 3 . Terminals 67 | . 2 . 9 1 . . 9 3 . . . . 7 18 1 . 3 11 . . . . 3 . Fabricators 4 | . . . . . . . . . . . . . 1 . . . . 3 . . . . . . Repair Stations 6 | . . . 2 . . . 1 . . . . . . . . . . 3 . . . . . . Recycling Units . | . . . . . . . . . . . . . . . . . . . . . . . . . Scanalyzers 8 | . . . 2 . . . 1 2 . . . . 1 . . . . 2 . . . . . . Garrison Access 5 | . . . . . . . . . . . . . 3 . . . 1 1 . . . . . . Total Hacks 311 | . 5 . 31 4 4 . 29 19 . . . . 30 37 2 10 11 89 1 7 1 . 31 . Successful 174 | . 3 . 22 2 4 . 15 11 . . . . 12 23 . 10 5 43 1 7 1 . 15 . Failed 136 | . 2 . 8 2 . . 14 8 . . . . 18 14 2 . 6 46 . . . . 16 . Catastrophic 16 | . . . 1 . . . 2 2 . . . . 1 1 1 . . 4 . . . . 4 . Database Lockouts 1 | . . . 1 . . . . . . . . . . . . . . . . . . . . . Manual 133 | . 4 . 10 4 . . 16 12 . . . . 15 6 1 . 9 30 . . . . 26 . Terminals 222 | . 5 . 20 4 . . 25 15 . . . . 18 37 2 . 9 56 . . . . 31 . Fabricators 13 | . . . . . . . . . . . . . 3 . . . . 10 . . . . . . Repair Stations 21 | . . . 4 . . . 2 . . . . . . . . . . 15 . . . . . . Recycling Units . | . . . . . . . . . . . . . . . . . . . . . . . . . Scanalyzers 22 | . . . 7 . . . 2 4 . . . . 2 . . . . 7 . . . . . . Garrison Access 10 | . . . . . . . . . . . . . 7 . . . 2 1 . . . . . . Terminal Hacks 104 | . . . 10 2 4 . 8 6 . . . . 6 20 . 10 1 18 1 7 1 . 10 . Record 20 | . . . . . 4 . . . . . . . . . . 10 . . . 6 . . . . Robot Analysis 6 | . . . 2 2 . . 1 . . . . . . . . . . 1 . . . . . . Prototype ID Bank 7 | . . . 2 . . . 1 1 . . . . . 1 . . . 2 . . . . . . Open Door 17 | . . . . . . . . . . . . . 1 13 . . . . 1 1 1 . . . Branch Access Points 6 | . . . 1 . . . 1 1 . . . . 1 . . . . 1 . . . . 1 . Terminal Index 4 | . . . . . . . . 1 . . . . . . . . 1 1 . . . . 1 . Repair Station Index 1 | . . . . . . . . . . . . . . . . . . . . . . . 1 . Scanalyzer Index 3 | . . . . . . . . 1 . . . . . . . . . 2 . . . . . . Alert Level 5 | . . . . . . . 1 . . . . . 1 1 . . . 2 . . . . . . Unreport Threat 9 | . . . 1 . . . 2 1 . . . . 1 2 . . . 2 . . . . . . Locate Traps 4 | . . . 1 . . . . . . . . . . 1 . . . 1 . . . . 1 . Maintenance Status 1 | . . . . . . . 1 . . . . . . . . . . . . . . . . . Patrol Status 3 | . . . . . . . . . . . . . . . . . . 1 . . . . 2 . Extermination Status 1 | . . . . . . . . . . . . . . . . . . 1 . . . . . . Reinforcement Status 1 | . . . 1 . . . . . . . . . . . . . . . . . . . . . Recall Extermination 1 | . . . . . . . . . . . . . . . . . . 1 . . . . . . Recall Reinforcements 1 | . . . . . . . . . . . . . 1 . . . . . . . . . . . Hauler Manifests 6 | . . . 1 . . . 1 1 . . . . 1 . . . . 1 . . . . 1 . Registered Components 2 | . . . 1 . . . . . . . . . . . . . . . . . . . 1 . Registered Prototypes 3 | . . . . . . . . . . . . . . 1 . . . 1 . . . . 1 . Zone Layout 3 | . . . . . . . . . . . . . . 1 . . . 1 . . . . 1 . Fabricator Hacks 3 | . . . . . . . . . . . . . 1 . . . . 2 . . . . . . Network Status 2 | . . . . . . . . . . . . . 1 . . . . 1 . . . . . . Build 1 | . . . . . . . . . . . . . . . . . . 1 . . . . . . Repair Station Hacks 14 | . . . 3 . . . 1 . . . . . . . . . . 10 . . . . . . Scan Component 9 | . . . 2 . . . 1 . . . . . . . . . . 6 . . . . . . Repair 5 | . . . 1 . . . . . . . . . . . . . . 4 . . . . . . Recycling Unit Hacks . | . . . . . . . . . . . . . . . . . . . . . . . . . Scanalyzer 10 | . . . 3 . . . 2 1 . . . . . . . . . 4 . . . . . . Insert Component 4 | . . . 1 . . . . 1 . . . . . . . . . 2 . . . . . . Analyze 2 | . . . 1 . . . . . . . . . . . . . . 1 . . . . . . Retrieve Study 4 | . . . 1 . . . 2 . . . . . . . . . . 1 . . . . . . Garrison Access Hacks 1 | . . . . . . . . . . . . . . . . . . 1 . . . . . . Seal Access 1 | . . . . . . . . . . . . . . . . . . 1 . . . . . . Unauthorized Hacks 42 | . 3 . 6 . . . 4 4 . . . . 5 3 . . 4 8 . . . . 5 . Terminals 37 | . 3 . 6 . . . 4 4 . . . . 3 3 . . 4 5 . . . . 5 . Track 8 | . . . 2 . . . 1 1 . . . . . . . . . 2 . . . . 2 . Assimilate 1 | . . . 1 . . . . . . . . . . . . . . . . . . . . . Botnet 19 | . 2 . 2 . . . 3 2 . . . . 2 2 . . 2 2 . . . . 2 . Detonate 1 | . . . 1 . . . . . . . . . . . . . . . . . . . . . Operators 6 | . 1 . . . . . . 1 . . . . 1 1 . . . 1 . . . . 1 . Sabotage 2 | . . . . . . . . . . . . . . . . . 2 . . . . . . . Fabricators 5 | . . . . . . . . . . . . . 2 . . . . 3 . . . . . . Report 2 | . . . . . . . . . . . . . 1 . . . . 1 . . . . . . Liberate 1 | . . . . . . . . . . . . . . . . . . 1 . . . . . . Haulers 2 | . . . . . . . . . . . . . 1 . . . . 1 . . . . . . Repair Stations . | . . . . . . . . . . . . . . . . . . . . . . . . . Recycling Units . | . . . . . . . . . . . . . . . . . . . . . . . . . Scanalyzers . | . . . . . . . . . . . . . . . . . . . . . . . . . Garrison Access . | . . . . . . . . . . . . . . . . . . . . . . . . . Data Cores Recovered 4 | . . . 1 . . . 2 . . . . . . . . . 1 . . . . . . . Used 3 | . . . 1 . . . 1 . . . . . . . . . 1 . . . . . . . Hacking Detections 80 | . 2 . 12 1 . . 10 5 . . . . 12 11 2 . 3 19 . . . . 3 . Full Trace Events 7 | . . . 1 . . . 1 1 . . . . 1 1 1 . . . . . . . 1 . Feedback Events . | . . . . . . . . . . . . . . . . . . . . . . . . . Feedback Blocked . | . . . . . . . . . . . . . . . . . . . . . . . . . Robot Schematics Acquired 3 | . . . . . . . . . . . 3 . . . . . . . . . . . . . Robots Built . | . . . . . . . . . . . . . . . . . . . . . . . . . Authchips . | . . . . . . . . . . . . . . . . . . . . . . . . . Time . | . . . . . . . . . . . . . . . . . . . . . . . . . Total Robot Build Rating . | . . . . . . . . . . . . . . . . . . . . . . . . . Part Schematics Acquired 17 | . . . . . . . . . . . 16 . . . . . . 1 . . . . . . Parts Built 1 | . . . . . . . . . . . . . . . . . . 1 . . . . . . Authchips . | . . . . . . . . . . . . . . . . . . . . . . . . . Time 84 | . . . . . . . . . . . . . . . . . . 84 . . . . . . Total Part Build Rating 6 | . . . . . . . . . . . . . . . . . . 6 . . . . . . Part Studies Acquired 4 | . . . 1 . . . 2 . . . . . . . . . . 1 . . . . . . Parts Repaired 4 | . . . 1 . . . . . . . . . . . . . . 3 . . . . . . Time 345 | . . . 26 . . . . . . . . . . . . . . 319 . . . . . . Parts Recycled . | . . . . . . . . . . . . . . . . . . . . . . . . . Recycled Matter . | . . . . . . . . . . . . . . . . . . . . . . . . . Retrieved Matter . | . . . . . . . . . . . . . . . . . . . . . . . . . Retrieved Components . | . . . . . . . . . . . . . . . . . . . . . . . . . Parts Scanalyzed 1 | . . . 1 . . . . . . . . . . . . . . . . . . . . . Part Schematics Acquired 1 | . . . . . . . . . . . . . . . . . . 1 . . . . . . Parts Damaged 1 | . . . 1 . . . . . . . . . . . . . . . . . . . . . Bothacking | -11 -10 -10 -9 -9 -9 -8 -8 -7 -7 -7 -7 -6 -6 -6 -6 -6 -6 -5 -5 -5 -5 -4 -4 -4 ------------ Run | Yrd Mat Min Mat Min Exi Min Mat Fac Low Low Zio Pro Fac Ext Cet Arc Hub Fac Upp Upp War Pro Fac Upp Used RIF Installer . | . . . . . . . . . . . . . . . . . . . . . . . . . Robots Hacked . | . . . . . . . . . . . . . . . . . . . . . . . . . Non-combat . | . . . . . . . . . . . . . . . . . . . . . . . . . Combat . | . . . . . . . . . . . . . . . . . . . . . . . . . Robot Hacks Applied . | . . . . . . . . . . . . . . . . . . . . . . . . . Relay Couplers Released . | . . . . . . . . . . . . . . . . . . . . . . . . . Fabnet Peak Effective % . | . . . . . . . . . . . . . . . . . . . . . . . . . Robots Rewired 14 | . . . . . . . . . . . . . 1 7 . . . . . 6 . . . . Allies Hacked . | . . . . . . . . . . . . . . . . . . . . . . . . . Hacks Repelled . | . . . . . . . . . . . . . . . . . . . . . . . . . Allies | -11 -10 -10 -9 -9 -9 -8 -8 -7 -7 -7 -7 -6 -6 -6 -6 -6 -6 -5 -5 -5 -5 -4 -4 -4 -------- Run | Yrd Mat Min Mat Min Exi Min Mat Fac Low Low Zio Pro Fac Ext Cet Arc Hub Fac Upp Upp War Pro Fac Upp Total Allies 37 | . . 2 . . . . . . . . . . 1 23 5 . . . . 6 . . . . Largest Group 19 | . . 2 . . . . . . . . . . 1 19 17 15 . . . 6 1 . . . Highest-Rated Group 924 | . . 41 . . . . . . . . . . 32 652 924 881 . . . 179 30 . . . Highest-Rated Ally 159 | . . 31 . . . . . . . . . . 32 159 159 136 . . . 30 30 . . . Total Orders 7 | . . . . . . . . . . . . . 4 . . . . 3 . . . . . . EXPLORE 6 | . . . . . . . . . . . . . 4 . . . . 2 . . . . . . RETURN 1 | . . . . . . . . . . . . . . . . . . 1 . . . . . . Ally Attacks 247 | . . 3 . . . . . . . . . . 2 160 45 10 . . . 26 1 . . . Total Damage 5399 | . . 42 . . . . . . . . . . 33 3274 1265 247 . . . 538 . . . . Kills 39 | . . . . . . . . . . . . . . 24 9 3 . . . 3 . . . . Allies Corrupted 1 | . . . . . . . . . . . . . . 1 . . . . . . . . . . Allies Melted . | . . . . . . . . . . . . . . . . . . . . . . . . . Intel | -11 -10 -10 -9 -9 -9 -8 -8 -7 -7 -7 -7 -6 -6 -6 -6 -6 -6 -5 -5 -5 -5 -4 -4 -4 ------- Run | Yrd Mat Min Mat Min Exi Min Mat Fac Low Low Zio Pro Fac Ext Cet Arc Hub Fac Upp Upp War Pro Fac Upp Active Infowar (turns) 11083 | 24 734 74 . . . . . 675 36 . . . 1053 . . . . 2837 1372 1863 952 796 667 . Optics 8468 | . . . . . . . . . . . . . . . . . . 2837 1372 1863 952 796 648 . Structural 3697 | . . . . . . . . . . . . . . . . . . . 1360 1626 711 . . . Seismic 5163 | 24 734 74 . . . . . 675 36 . . . 1053 . . . . 2567 . . . . . . Jamming 620 | . . . . . . . . . . . . . . . . . . . . . . . 620 . Robot Analysis Total 6 | . . . 2 2 . . 1 . . . . . . . . . . 1 . . . . . . Derelict Logs Recovered 9 | . . . . 1 . . . . 1 2 2 . . . . . . . . 1 . 2 . . Drone Launches 18 | . . . . . . . . . . . . . 16 . . . . 2 . . . . . . Drone Recoveries 7 | . . . . . . . . . . . . . 5 . . . . 2 . . . . . . Exploration | -11 -10 -10 -9 -9 -9 -8 -8 -7 -7 -7 -7 -6 -6 -6 -6 -6 -6 -5 -5 -5 -5 -4 -4 -4 ------------- Run | Yrd Mat Min Mat Min Exi Min Mat Fac Low Low Zio Pro Fac Ext Cet Arc Hub Fac Upp Upp War Pro Fac Upp Turns Passed 22466 | 130 734 362 1533 699 733 745 1457 1009 669 436 926 473 1723 1357 550 82 197 2840 1372 1863 952 796 708 120 Spaces Moved 12752 | 54 342 222 1048 515 550 480 736 531 506 338 752 329 991 693 177 42 100 1229 766 947 445 397 323 239 Core 463 | 3 . 13 147 . . . . . . . . . . . . . . . . . . . 61 239 Treads 4316 | 51 342 38 . . . . . . . . . . . . 147 42 100 1229 766 947 445 203 6 . Legs . | . . . . . . . . . . . . . . . . . . . . . . . . . Wheels 7973 | . . 171 901 515 550 480 736 531 506 338 752 329 991 693 30 . . . . . . 194 256 . Hover . | . . . . . . . . . . . . . . . . . . . . . . . . . Flight . | . . . . . . . . . . . . . . . . . . . . . . . . . Fastest Speed 50 | 50 160 50 50 120 120 135 115 115 120 105 120 120 110 140 140 160 160 160 160 160 160 160 50 50 Average Speed 136 | 153 160 118 108 120 132 135 129 117 120 119 120 120 132 140 156 160 160 160 160 160 162 176 154 50 Slowest Speed 240 | 160 160 160 120 120 135 135 165 150 120 120 120 120 185 140 160 160 160 160 160 160 240 240 240 50 Overloaded Moves . | . . . . . . . . . . . . . . . . . . . . . . . . . Propulsion Burnouts . | . . . . . . . . . . . . . . . . . . . . . . . . . Robots Hopped . | . . . . . . . . . . . . . . . . . . . . . . . . . Potential Cave-ins 4 | . . . . . . . 4 . . . . . . . . . . . . . . . . . Cave-ins Triggered 1 | . . . . . . . 1 . . . . . . . . . . . . . . . . . Exploration Rate (%) 62 | 3 63 44 96 99 91 97 80 24 72 54 84 57 40 86 63 72 20 35 95 98 61 58 13 54 Regions Visited 24 Branch Regions 17 Pre-discovered Areas 3 | . . . . . . . . . . 1 1 . . . . . . . . . . 1 . . Known Exits Taken 6 | . . . 1 . . . . 1 . . . . 1 . . . . 1 . 1 . . 1 . Unknown Exits Taken 18 | 1 1 1 . 1 1 1 1 . 1 1 1 1 . 1 1 1 1 . 1 . 1 1 . . Scrap Searched 20 | . . 1 . 1 . 1 . . 1 2 4 2 . . . . . . 2 4 . 2 . . Spaces Dug 181 | . 5 . 41 23 . 25 14 5 . . . 41 . . . . . 17 4 . . . 6 . Terrain Destroyed 808 | . 5 22 80 53 . 25 100 50 9 . . 137 21 1 . . 86 127 15 13 11 24 29 . Melee 14 | . . . . . . . 1 5 . . . . . . . . . 6 . . . . 2 . Projectile 125 | . . . . . . . 3 . . . . . . 1 . . 2 62 14 13 11 7 12 . AOE 668 | . 5 22 80 53 . 25 96 45 9 . . 137 21 . . . 84 59 . . . 17 15 . Terrain Rammed . | . . . . . . . . . . . . . . . . . . . . . . . . . Walls Destroyed . | . . . . . . . . . . . . . . . . . . . . . . . . . Machines Disabled . | . . . . . . . . . . . . . . . . . . . . . . . . . Actions | -11 -10 -10 -9 -9 -9 -8 -8 -7 -7 -7 -7 -6 -6 -6 -6 -6 -6 -5 -5 -5 -5 -4 -4 -4 --------- Run | Yrd Mat Min Mat Min Exi Min Mat Fac Low Low Zio Pro Fac Ext Cet Arc Hub Fac Upp Upp War Pro Fac Upp Total 16087 | 80 446 288 1293 549 553 528 1031 769 541 364 774 380 1235 999 426 57 116 1882 855 1184 583 467 448 239 Wait 1653 | 8 28 40 91 9 . 18 99 97 9 16 . 15 59 197 209 16 3 440 35 147 40 37 40 . Move 12727 | 53 341 221 1047 514 549 479 734 530 505 337 751 328 990 692 176 41 99 1228 765 946 444 396 322 239 Hop . | . . . . . . . . . . . . . . . . . . . . . . . . . Pick Up 163 | 3 10 3 20 . 2 1 17 11 2 4 6 4 18 5 5 . . 27 7 2 10 3 3 . Fast Attach 119 | 6 2 1 14 . . 1 6 10 3 1 5 . 22 1 7 . . 14 . 1 11 3 11 . Attach 82 | 1 . . 3 . . 1 10 9 5 2 1 2 10 1 1 . . 21 . 2 . 6 7 . Detach 21 | . . . . . . . 3 1 . . 1 . 5 . . . . 5 . 1 . 4 1 . Swap 162 | . 8 5 16 4 1 4 25 20 1 . 2 8 11 4 . . 4 14 10 9 10 . 6 . Drop 183 | . 9 2 21 . 1 1 19 11 . 1 7 2 22 7 14 . . 22 8 2 23 3 8 . Fire 766 | 9 46 15 81 22 . 23 81 54 9 3 . 19 64 37 14 . 8 105 29 47 37 15 48 . Melee 106 | . . . . . . . 36 26 7 . 1 2 24 . . . . 6 1 1 . . 2 . Ram 1 | . . . . . . . . . . . . . . . . . 1 . . . . . . . Kick . | . . . . . . . . . . . . . . . . . . . . . . . . . Crush 4 | . 2 1 . . . . . . . . . . . . . . . . . 1 . . . . Escape Stasis 9 | . . . . . . . 1 . . . . . . 8 . . . . . . . . . . Rewire 77 | . . . . . . . . . . . . . 5 47 . . . . . 25 . . . . Trap 1 | . . . . . . . . . . . . . . . . . 1 . . . . . . . Miscellaneous 13 | . . . . . . . . . . . . . 5 . . . . . . . 8 . . . Route ------- -11/Scrapyard -10/Materials (discovered 2 exits: *Mat / [*Min]) -10/Mines (discovered 2 exits: *Mat x2) -9/Materials (discovered 5 exits: *Mat x3 / *Min x2) -9/Mines (discovered 4 exits: *Mat x2 / *Exi / [*Zio]) -9/Exiles -8/Mines (discovered 2 exits: *Mat x2) -8/Materials (discovered 2 exits: *Fac x2) -7/Factory (discovered 4 exits: Sto x2 / *Low x2) -7/Lower Caves -7/Lower Caves -7/Zion -6/Proximity Caves -6/Factory (discovered 6 exits: *Fac x2 / *Low x2 / *Ext x2) -6/Extension (discovered 2 exits: *Fac / *Cet) -6/Cetus (discovered 2 exits: *Fac / *Arc) -6/Archives -6/Hub_04(d) -5/Factory (discovered 4 exits: *Fac x2 / *Upp x2) -5/Upper Caves -5/Upper Caves (discovered 2 exits: *Fac / *War) -5/Warlord -4/Proximity Caves -4/Factory (discovered 3 exits: *Upp x2 / Arm) -4/Upper Caves History --------- Turn | Location | Event 8 | -11/Scrapyard | Discovered new exit (range 15) 131 | -11/Scrapyard | Entered Materials 306 | -10/Materials | Build established: Mutant 510 | -10/Materials | Discovered new exit (range 14) 792 | -10/Materials | Discovered new exit (range 7) 865 | -10/Materials | Entered Mines 889 | -10/Mines | Found a damaged Exp. Sensor Array with a note attached 893 | -10/Mines | Found Prototype Device 918 | -10/Mines | Discovered new exit (range 4) 1089 | -10/Mines | Discovered new exit (range 5) 1132 | -10/Mines | Assembled infested the area 1217 | -10/Mines | Core integrity fell below 50% 1221 | -10/Mines | Core integrity fell below 20% 1221 | -10/Mines | Released all parts (6) 1227 | -10/Mines | Entered Materials 1227 | -9/Materials | Evolved 2 slots: Propulsion x1, Utility x1 1637 | -9/Materials | Build established: Scavenger-Mutant 1697 | -9/Materials | Central database locked down 1746 | -9/Materials | Discovered new exit (range 9) 1891 | -9/Materials | Discovered new exit (range 13) 2061 | -9/Materials | Discovered new exit (range 13) 2062 | -9/Materials | Build established: Mutant 2180 | -9/Materials | Discovered new exit (range 16) 2306 | -9/Materials | Identified exit to Mines 2390 | -9/Materials | Repaired Com. Wheel+ 2493 | -9/Materials | Discovered new exit (range 15) 2530 | -9/Materials | Identified Exp. Sensor Array 2760 | -9/Materials | Entered Mines 2927 | -9/Mines | Deemed a non-threat by the Exiles lab entrance 2927 | -9/Mines | Discovered new exit (range 5) 3026 | -9/Mines | A Derelict revealed a hidden shortcut to a safe place 3170 | -9/Mines | Discovered new exit (range 11) 3207 | -9/Mines | Discovered new exit (range 15) 3343 | -9/Mines | Learned Materials terminal intel 3459 | -9/Mines | Entered Exiles 3459 | -9/Exiles | Found Exiles lab abandoned 4176 | -9/Exiles | Discovered new exit (range 14) 4192 | -9/Exiles | Entered Mines 4299 | -8/Mines | Discovered new exit (range 10) 4860 | -8/Mines | Discovered new exit (range 7) 4937 | -8/Mines | Entered Materials 4937 | -8/Materials | Evolved 2 slots: Utility x1, Weapon x1 4938 | -8/Materials | Loaded intel: 12 terminal locations 5104 | -8/Materials | Destroyed 8 combat bots 5300 | -8/Materials | Crushed by falling debris 5514 | -8/Materials | Lost 3 parts (1p1u1w) 5758 | -8/Materials | Core integrity fell below 50% 5972 | -8/Materials | Discovered new exit (range 16) 6107 | -8/Materials | Build established: Tank 6358 | -8/Materials | Discovered new exit (range 16) 6394 | -8/Materials | Entered Factory 6394 | -7/Factory | Evolved 2 slots: Propulsion x1, Utility x1 6649 | -7/Factory | Identified exit to Storage 6649 | -7/Factory | Identified exit to Lower Caves 6659 | -7/Factory | Garrison activated, responded to threat 6853 | -7/Factory | Lost 5 parts (1p1n2u1w) 7045 | -7/Factory | Lost 3 parts (1n2w) 7194 | -7/Factory | First assault squad dispatched 7403 | -7/Factory | Entered Lower Caves 7405 | -7/Lower Caves | Spotted B-75 Beast 7465 | -7/Lower Caves | Learned Factory terminal intel 7560 | -7/Lower Caves | Core integrity fell below 50% 7571 | -7/Lower Caves | Build established: Scavenger-Mutant 7668 | -7/Lower Caves | Lost 3 parts (2p1n) 7814 | -7/Lower Caves | Encountered a Warlord checkpoint 7847 | -7/Lower Caves | Discovered new exit (range 9) 8072 | -7/Lower Caves | Entered another Lower Caves area 8122 | -7/Lower Caves | Spotted B-75 Beast 8170 | -7/Lower Caves | Encountered a Warlord checkpoint 8207 | -7/Lower Caves | Learned Factory emergency access door positions 8352 | -7/Lower Caves | Attracted the attention of an 0b10 checkpoint 8420 | -7/Lower Caves | Discovered new exit (range 15) 8508 | -7/Lower Caves | Entered Zion 8553 | -7/Zion | System corruption cleaned by Quarantine Array 8615 | -7/Zion | Found GAL Module 8628 | -7/Zion | Discovered new exit (range 7) 8712 | -7/Zion | Learned Factory security intel 8891 | -7/Zion | Given A8's code to call for help 8977 | -7/Zion | Met Imprinter 9026 | -7/Zion | Found Prototype Device 9086 | -7/Zion | Identified Bomb Factory No. 2 9275 | -7/Zion | Given the Hacking Drone Bay 9275 | -7/Zion | Found Prototype Device 9283 | -7/Zion | Identified Hacking Drone Bay 9321 | -7/Zion | Found Prototype Special Weapon 9321 | -7/Zion | Identified RU-N14's Throwing Claymores 9434 | -7/Zion | Entered Proximity Caves 9436 | -6/Proximity Caves | Spotter reported a threat 9877 | -6/Proximity Caves | Discovered new exit (range 13) 9907 | -6/Proximity Caves | Entered Factory 9907 | -6/Factory | Evolved 2 slots: Power x1, Utility x1 9910 | -6/Factory | Loaded intel: 28 terminal locations 10180 | -6/Factory | Build established: Derelict-Mutant 10274 | -6/Factory | Discovered new exit (range 7) 10282 | -6/Factory | Identified exit to Lower Caves 10401 | -6/Factory | Garrison activated, responded to threat 10415 | -6/Factory | Identified exit to Extension 10536 | -6/Factory | Discovered new exit (range 3) 10543 | -6/Factory | Build established: Mutant 10604 | -6/Factory | Lost 9 allies 10655 | -6/Factory | Lost 7 parts (2n3u2w) 10728 | -6/Factory | Found Prototype Launcher 10728 | -6/Factory | Identified Scatter Rocket Array 11296 | -6/Factory | Garrison activated, responded to threat 11451 | -6/Factory | Discovered new exit (range 7) 11630 | -6/Factory | Entered Extension 11728 | -6/Extension | Rescued a captive Derelict 11781 | -6/Extension | Rescued a captive Derelict 11782 | -6/Extension | Rescued a captive Derelict 11817 | -6/Extension | Rescued a captive Derelict 11840 | -6/Extension | Rescued a captive Derelict 11870 | -6/Extension | Build established: Tank 11885 | -6/Extension | Rescued a captive Derelict 11886 | -6/Extension | Rescued a captive Derelict 11960 | -6/Extension | Rescued a captive Derelict 12175 | -6/Extension | Build established: Hacker-Gunner 12452 | -6/Extension | Spotted B-75 Beast 12468 | -6/Extension | Destroyed B-75 Beast 12474 | -6/Extension | Spotted B-75 Beast 12486 | -6/Extension | Allies destroyed B-75 Beast 12512 | -6/Extension | Lost 3 allies 12536 | -6/Extension | Rescued A7 12579 | -6/Extension | Rescued a captive Derelict 12594 | -6/Extension | Rescued a captive Derelict 12616 | -6/Extension | Rescued a captive Derelict 12653 | -6/Extension | Rescued a captive Derelict 12684 | -6/Extension | Rescued a captive Derelict 12685 | -6/Extension | Rescued a captive Derelict 12786 | -6/Extension | Rescued a captive Derelict 12818 | -6/Extension | Discovered new exit (range 10) 12826 | -6/Extension | Discovered new exit (range 6) 12961 | -6/Extension | Lost 4 allies 12987 | -6/Extension | Entered Cetus 12987 | -6/Cetus | Accompanied by 15 allies (A7) 12992 | -6/Cetus | Acquired a Cetus Manufacturing Module code from A7 13005 | -6/Cetus | Spotted Cetus Guard 13006 | -6/Cetus | Spotted Cetus Guard 13006 | -6/Cetus | Destroyed Cetus Guard 13008 | -6/Cetus | Spotted Cetus Guard 13015 | -6/Cetus | Allies destroyed Cetus Guard 13018 | -6/Cetus | Allies destroyed Cetus Guard 13019 | -6/Cetus | Spotted Cetus Guard 13026 | -6/Cetus | Allies destroyed Cetus Guard 13056 | -6/Cetus | Lost 3 allies 13114 | -6/Cetus | Started Cetus Manufacturing Module 13129 | -6/Cetus | Escorted A7 to Cetus Mainframe 13139 | -6/Cetus | Manufactured an Enhanced Grunt 13164 | -6/Cetus | Manufactured an Enhanced Grunt 13189 | -6/Cetus | Manufactured an Enhanced Grunt 13214 | -6/Cetus | Manufactured an Enhanced Grunt 13239 | -6/Cetus | Manufactured an Enhanced Grunt 13268 | -6/Cetus | Discovered new exit (range 16) 13342 | -6/Cetus | Spotted Cetus Guard 13342 | -6/Cetus | Spotted Cetus Guard 13344 | -6/Cetus | Spotted Cetus Guard 13346 | -6/Cetus | Spotted Cetus Guard 13357 | -6/Cetus | Allies destroyed Cetus Guard 13360 | -6/Cetus | Destroyed Cetus Guard 13366 | -6/Cetus | Destroyed Cetus Guard 13367 | -6/Cetus | Allies destroyed Cetus Guard 13371 | -6/Cetus | Discovered new exit (range 15) 13379 | -6/Cetus | Met Revision 17 13493 | -6/Cetus | Build established: Commander-Tank 13537 | -6/Cetus | Entered Archives 13537 | -6/Archives | Accompanied by 15 allies (A7) 13542 | -6/Archives | Received a hacking code to weaken MAIN.C 13557 | -6/Archives | Met Zhirov 13563 | -6/Archives | Reinforcements dispatched to Archives 13574 | -6/Archives | Read partially decrypted archive contents 13577 | -6/Archives | Discovered new exit (range 15) 13619 | -6/Archives | Zhirov detonated Archives 13619 | -6/Archives | Entered Hub_04(d) 13650 | -6/Hub_04(d) | Lost 14 allies 13708 | -6/Hub_04(d) | Discovered new exit (range 16) 13753 | -6/Hub_04(d) | Network Hub disabled 13780 | -6/Hub_04(d) | Spotted Lightning 13781 | -6/Hub_04(d) | Spotted Lightning 13785 | -6/Hub_04(d) | Spotted Lightning 13786 | -6/Hub_04(d) | Garrison activated, responded to threat 13787 | -6/Hub_04(d) | System corruption reached 10% 13787 | -6/Hub_04(d) | Spotted Lightning 13790 | -6/Hub_04(d) | Spotted Lightning 13790 | -6/Hub_04(d) | Spotted Lightning 13811 | -6/Hub_04(d) | Core integrity fell below 50% 13816 | -6/Hub_04(d) | Entered Factory 13816 | -5/Factory | Evolved 2 slots: Utility x2 13817 | -5/Factory | Identified exit to Upper Caves 13820 | -5/Factory | Destroyed 11 combat bots 13838 | -5/Factory | Lost 7 parts (2p3u2w) 14018 | -5/Factory | Discovered new exit (range 19) 14079 | -5/Factory | Fabricated Ionic Axe (x1) 14120 | -5/Factory | Build established: Scavenger-Tank 14437 | -5/Factory | Discovered new exit (range 17) 14722 | -5/Factory | Destroyed 9 combat bots 15042 | -5/Factory | Repaired Broken Centrium Heavy Treads 15152 | -5/Factory | Repaired Centrium Medium Armor Plating 15394 | -5/Factory | Repaired Weapon Mount 16516 | -5/Factory | First assault squad dispatched 16656 | -5/Factory | Entered Upper Caves 16657 | -5/Upper Caves | Encountered a Warlord checkpoint 16725 | -5/Upper Caves | Entered a destroyed Warlord outpost 17356 | -5/Upper Caves | Build established: Tank 17580 | -5/Upper Caves | Attracted the attention of an 0b10 checkpoint 17608 | -5/Upper Caves | Discovered new exit (range 8) 18028 | -5/Upper Caves | Entered another Upper Caves area 18107 | -5/Upper Caves | Discovered new exit (range 4) 18156 | -5/Upper Caves | Identified exit to Warlord 18289 | -5/Upper Caves | Attracted the attention of an 0b10 checkpoint 18605 | -5/Upper Caves | Encountered a Warlord checkpoint 18674 | -5/Upper Caves | Attracted the attention of an 0b10 outpost 18736 | -5/Upper Caves | Attacked by a delusional Derelict stockpiling Unaware 19086 | -5/Upper Caves | Build established: Commander-Tank 19225 | -5/Upper Caves | Learned 8 Factory zone layouts 19225 | -5/Upper Caves | Learned Research security intel 19225 | -5/Upper Caves | Learned Extension security intel 19650 | -5/Upper Caves | Lost 3 allies 19886 | -5/Upper Caves | Build established: Tank 19891 | -5/Upper Caves | Entered Warlord 19891 | -5/Warlord | Accompanied by 1 ally 19931 | -5/Warlord | Discovered new exit (range 14) 20123 | -5/Warlord | Found Prototype Reactor 20128 | -5/Warlord | Found Prototype Device 20128 | -5/Warlord | Identified Exp. Phase Shifter 20154 | -5/Warlord | Found Prototype Hackware 20161 | -5/Warlord | Found Prototype Processor 20226 | -5/Warlord | Found Prototype Special Weapon 20226 | -5/Warlord | Identified RU-N14's Throwing Claymores v3 20233 | -5/Warlord | Found RU-N14's Throwing Claymores v3 20263 | -5/Warlord | Identified System Mapper 20264 | -5/Warlord | Identified Exp. Armor Integrity Analyzer 20302 | -5/Warlord | Visited the Vortex Lab 20307 | -5/Warlord | Warlord's base attacked by MAIN.C 20316 | -5/Warlord | Found Prototype Energy Gun 20316 | -5/Warlord | Identified Vortex Shotgun 20326 | -5/Warlord | Met EX-DEC 20329 | -5/Warlord | Found Prototype Energy Cannon 20353 | -5/Warlord | Found Vortex Shotgun 20487 | -5/Warlord | Met Warlord 20558 | -5/Warlord | Build established: Hacker-Tank 20588 | -5/Warlord | Warlord forces counterattacked 20658 | -5/Warlord | Lost 9 allies 20671 | -5/Warlord | Spotted Executioner 20713 | -5/Warlord | Spotted Striker 20713 | -5/Warlord | Spotted Executioner 20727 | -5/Warlord | Spotted Executioner 20779 | -5/Warlord | Lost 9 allies 20816 | -5/Warlord | Spotted Striker 20817 | -5/Warlord | Spotted Striker 20843 | -5/Warlord | Entered Proximity Caves 20870 | -4/Proximity Caves | Lost 8 allies 21141 | -4/Proximity Caves | Spotted B-86 Titan 21150 | -4/Proximity Caves | Destroyed B-86 Titan 21242 | -4/Proximity Caves | Learned 4 Research zone layouts 21246 | -4/Proximity Caves | Discovered new exit (range 11) 21639 | -4/Proximity Caves | Entered Factory 21639 | -4/Factory | Evolved 2 slots: Utility x2 21659 | -4/Factory | Identified exit to Upper Caves 21659 | -4/Factory | Identified exit to Armory 21944 | -4/Factory | Unchained authorized (DW-4LL) 22283 | -4/Factory | DW-4LL burst out of a wall 22285 | -4/Factory | System corruption reached 10% 22298 | -4/Factory | System corruption reached 30% 22314 | -4/Factory | Released all parts (5) 22344 | -4/Factory | Lost 16 parts (2p2n8u4w) 22347 | -4/Factory | Entered Upper Caves 22393 | -4/Upper Caves | Core integrity fell below 50% 22427 | -4/Upper Caves | Core integrity fell below 20% 22467 | -4/Upper Caves | Destroyed by P-70 Sage with High-powered Shock Rifle Last Messages --------------- 22314_ Released Huge Storage Unit. 22314_ Released Dispersion Rifle. 22316_ K-01 Serf collects debris. 22319_ U-05 Engineer builds a Wall. 22320_ K-01 Serf collects debris. 22324_ CC5AAAK%8 BULTHQ80VBH%QIM 2EVYI, 22325_ K-01 Serf collects debris. 22325_ U-05 Engineer flattens the Dirt. 22326_ K-01 Serf collects debris. 22335_ Acquired Com. Wheel+. 22340_ System corrupted: Matter fused (-5). 22345_ Penetrated by Slug. LOCATION=UPPER CAVES GOAL=ESCAPE 22370_ System corrupted: Heat flow error (+131). 22381_ Com. Wheel+ destroyed. 22388_ System corrupted: Energy discharge (-28). 22404_ NS,YU< 0A1OVPA|B &K8KTD:INAF> 22435_ System corrupted: Energy discharge (-37). 22466_ System corrupted: Matter fused (-6). Map ----- +----------------------------------------------------+ | ?????????????????????????????????????????????????? | | ?????????????????????????????????????????????????? | | ?????????????????????????????????????????????????? | | ?????????????????????????????????????????????????? | | ?????????????????????????????????????????????????? | | ?????????????????????????????????????????????????? | | ?????????????????????????????????????????????????? | | ?????????????????????????????????????????????????? | | ?????????????????????????????????????????????????? | | ?????????????????????????????????????????????????? | | ?????????????????????????????????????????????????? | | ?????????????????????????????????????????????????? | | ????????????????????????????????????????????????? | | ???????????????????????????????????????????????? | | ???????????????????????????????????????????????? | | ?????????????????????????????????????????????????# | | ????????????????????????????????????????? ??????? | | ????????????????????????????????????????? ####??# | | ???????????????????????????????????????? ??? | | ????????????????????????###?????????????? ??? | | ???????????????????????? #???????????????# ### | | ????????????? ???????# #???????????????# " " | | ????????????# ?????# #???????????????# # | | ??????????????# ???# #???????????????# # | | ??????????????# ### ##??????????????# # | | ??????????????# @ ###????????????# # | | ??????????# $ #????????????# # ] | | ??????????# p #????????????# #" " | | ??????????? ##%#### #### ###########??# # " | | ???????????????????## p ???#sss #### # | | ????????????????????# ????##### ##### ## ## | | ????????????????????# ????????# ##### ## | | ????????????????????##?????????# | | ??????????????????????????????# # | | ??????????????????????????????## # | | ???????????????????????????????#### ## | | ??????????????????????????????????### #### | | ????????????????????????????????????## ##??## # | | ?????????????????????????????????????####????##### | | ?????????????????????????????????????????????????? | | ?????????????????????????????????????????????????? | | ?????????????????????????????????????????????????? | | ?????????????????????????????????????????????????? | | ?????????????????????????????????????????????????? | | ?????????????????????????????????????????????????? | | ?????????????????????????????????????????????????? | | ?????????????????????????????????????????????????? | | ?????????????????????????????????????????????????? | | ?????????????????????????????????????????????????? | | ?????????????????????????????????????????????????? | +----------------------------------------------------+ Best States ------------- Heat Dissipation 64 Energy Generation 39 Energy Capacity 900 Matter Stores 300 Matter Capacity 300 Sight Range 22 Terrain Scan Density 10 Jamming Range 16 Armor Coverage 1250 Evasion (%) 60 Targeting Accuracy 20 Recoil Reduction 4 Kinecelleration 40 Offensive Hacking 24 Trap Extractor Capacity 8 Item Schematics ----------------- Enh. Optical Array | -7/Zion | Archive Spear | -7/Zion | Archive Weapon Cycler | -7/Zion | Archive Hvy. Machine Gun | -7/Zion | Archive Adv. Plasma Cannon | -7/Zion | Archive Imp. Melee Analysis Suite | -7/Zion | Archive Flexi-carbon Leg | -7/Zion | Archive System Restoration Module | -7/Zion | Archive Imp. Heavy Armor Plating | -7/Zion | Archive Gauss Cannon | -7/Zion | Archive Phase Cannon | -7/Zion | Archive Transmission Jammer | -7/Zion | Archive Lgt. Fission Core | -7/Zion | Archive Power Maul | -7/Zion | Archive KE Penetrator | -7/Zion | Archive Imp. KE Penetrator | -7/Zion | Archive Exp. Sensor Array | -5/Factory | Scanalyzed Robot Schematics ------------------ L-41 Fighter | -7/Zion | Archive S-27 Virus | -7/Zion | Archive K-01 Serf | -7/Zion | Archive Fabricated ------------ Ionic Axe | x1 | -5/Factory | Preloaded Repaired ---------- Com. Wheel | 6% | -9/Materials Centrium Heavy Treads | 1% | -5/Factory | Broken Centrium Medium Armor Plating | 5% | -5/Factory Weapon Mount | 14% | -5/Factory Studied --------- Com. Wheel | -9/Materials | Hacked Arm. Wheel | -8/Materials | Hacked Hvy. Mace | -8/Materials | Hacked Hvy. Treads | -5/Factory | Hacked Alien Tech Used ----------------- None Achievements -------------- A Problem For Future Me Construction Begets Destruction DATA ERROR: Steam Global Achievement% Ew, Corruption For Emergencies Only Heavy Suspicion I Have A Map? Immobile And Lovin' It Into The Breach Item+ Live, Flee, And Rebuild Look Less Dangerous Next Time Organ Harvest Overwhelming Physics Hates This One Trick Plot Armor Resistances Are Futile Spot Them First Tank Life The Better Part Of Valor There's More Where That Came From Throw Away The Key Challenges ------------ None Game ------ Seed MultireflexTacticalTendrils Manual? 0 Play Time 03:31:51 Cumulative 580.6 hours Start 2025.10.23 @ 17:24:32 End 2025.10.25 @ 12:20:58 Sessions 3 Manual Loads 0 Difficulty Rogue Special Mode None Game No. 125 Rogue 125 Adventurer 0 Explorer 0 Win Type - Total 43 Types 21/2/8/2/1/0/4/3/1/1 Lore% 93 Gallery% 82 Achievement% 50 Wizard Run 0 Options --------- Layout 1 ASCII 0 Keyboard 0 Movement Mouse Keybinds 0 Fullscreen 1 Font 24/Smallcaps Map View 50x35 Zoom Use 0% Tactical HUD 1 Map Filters NONE Filters NONE Steam 1 RUN: af967e89-f1aa-4dd5-8f71-7d4b9788dc8e